 Dungeon Crawl Stone Soup version 0.31-a0-986-g5e6e4ef867 (webtiles) character file.

Game seed: 14152336330994290784

692 promet the Sneak (level 7, -1/46 HPs)
             Began as an Octopode Conjurer on Nov 16, 2023.
             Slain by a scorpion (3 damage)
             ... on level 5 of the Dungeon.
             The game lasted 00:18:29 (6165 turns).

promet the Sneak (Octopode Conjurer)                Turns: 6165, Time: 00:18:30

Health: -1/46      AC:  1    Str:  9    XL:     7   Next: 63%
Magic:  6/12       EV: 13    Int: 20    God:
Gold:   179        SH:  0    Dex: 10    Spells: 7/13 levels left

rFire   . . .        a - +1 short sword (elec)
rCold   . . .        (no shield)
rNeg    . . .        n - +0 hat
rPois   .            (no amulet)
rElec   .            (no ring)
rCorr   .            (no ring)
SInv    .            (no ring)
Will    .....        (no ring)
Stlth   ++++         (no ring)
HPRegen 0.27/turn    (no ring)
MPRegen 0.13/turn    (no ring)
                     (no ring)

%: no passive effects
@: lethally poisoned (-1 -> -25)
A: almost no armour, amphibious, 8 rings, camouflage 1, gelatinous body 1,
(nimble swimmer 1), tentacles
a: no special abilities


You were on level 5 of the Dungeon.
You visited 1 branch of the dungeon, and saw 5 of its levels.

You collected 179 gold pieces.

Inventory:

Hand Weapons
 a - a +1 short sword of electrocution (weapon)
 c - a +1 dagger of draining
 h - a +0 spear
 j - a +0 war axe
 l - a +0 scythe
Missiles
 i - 25 stones
 r - 2 throwing nets
Armour
 n - a +0 hat (worn)
Wands
 q - a wand of charming (13)
Scrolls
 o - 2 scrolls of identify {unknown}
Potions
 b - a potion of haste {unknown}
 d - a potion of attraction {unknown}
 e - a potion of degeneration {unknown}
 f - a potion of curing {unknown}
 g - a potion of magic
 m - a potion of lignification {unknown}
 p - a potion of enlightenment {unknown}


   Skills:
 * Level 3.1 Fighting
 + Level 2.4 Short Blades
 + Level 2.6 Dodging
 + Level 5.7 Stealth
 + Level 0.6 Unarmed Combat
 * Level 3.7 Spellcasting
 + Level 5.0 Conjurations
 * Level 2.1 Hexes


You had 7 spell levels left.
You knew the following spells:

 Your Spells              Type           Power      Damage    Failure   Level
a - Magic Dart            Conj           96%        1d7       1%          1
b - Searing Ray           Conj           48%        2d6       2%          2
c - Dazzling Flash        Conj/Hex       36%        N/A       9%          3

Your spell library contained the following spells:

 Spells                   Type           Power      Damage    Failure   Level
 Sting                    Tmut/Pois      12%        1d3       13%         1
 Tukima's Dance           Hex            12%        N/A       16%         3
 Poisonous Vapours        Pois/Air       6%         N/A       21%         2
 Fulminant Prism          Conj/Hex       9%         3d7       30%         4
 Gell's Gravitas          Tloc           3%         N/A       36%         3
 Teleport Other           Tloc           3%         N/A       36%         3
 Volatile Blastmotes      Fire/Tloc      6%         2d10      36%         3
 Iskenderun's Mystic Bla  Conj/Tloc      13%        2d5       43%         4
 Dimensional Bullseye     Hex/Tloc       4%         N/A       63%         4
 Olgreb's Toxic Radiance  Pois           3%         N/A       78%         4
 Dispersal                Tloc           1%         N/A       100%        6


Dungeon Overview and Level Annotations

Branches:
Dungeon (5/15)
 Temple: D:4-7

Altars:
Elyvilon
Makhleb
Ru
Xom

Annotations:
D:5 Pikel


Innate Abilities, Weirdness & Mutations

You cannot wear most types of armour.
You are amphibious.
You can wear up to eight rings at the same time.
Your skin changes colour to match your surroundings (Stealth+).
Your rubbery body absorbs attacks. (AC +1, EV +1)
((You are camouflaged when in or above water. (Stealth+)))
You have tentacles for arms and can constrict up to eight enemies at once.


Message History

You constrict the orc.
You kill the orc!
Okay, then.
Casting: Magic Dart (safe; 1% risk of failure)
Confirm with . or Enter, or press ? or * to list all spells.
Aiming: Searing Ray (safe; 2% risk of failure)
Press: ? - help, Shift-Dir - straight line, f - scorpion
Aim: a scorpion (79% to hit)
The searing ray hits the scorpion.
The scorpion is lightly wounded.
The searing ray hits the scorpion!
The scorpion is moderately wounded. (Press . to maintain the ray.)
The scorpion misses you.
The searing ray hits the scorpion.
The scorpion is heavily wounded.
The scorpion stings you.
You are poisoned.
The scorpion poisons you! The scorpion stings you!
You are lethally poisoned!
The scorpion poisons you!
You feel very sick. The scorpion attacks as it pursues you!
The scorpion stings you.
* * * LOW HITPOINT WARNING * * *
You are more poisoned.
The scorpion poisons you!
Casting: Searing Ray (safe; 2% risk of failure)
Confirm with . or Enter, or press ? or * to list all spells.
Aiming: Searing Ray (safe; 2% risk of failure)
Press: ? - help, Shift-Dir - straight line, f/p - scorpion
Aim: a scorpion (heavily wounded, 79% to hit)
The searing ray hits the scorpion.
The scorpion is severely wounded.
The searing ray hits the scorpion.
The scorpion is heavily wounded. (Press . to maintain the ray.)
* * * LOW HITPOINT WARNING * * *
You feel extremely sick. The scorpion stings you.
You die...

#....
####...####
.....
#........#
.....
#........#
....[
#........#
.....
#....)...##♣♣
.....
#........#.P♣♣
.....
####.......P.♣♣
.....
###s###......♣
.#.##
#..@s...#.P.♣.♣
.# #
#.#.....##♣♣♣
.# #.#.....# .#
# #.....# ##
#.......
#........
#........
#........
.........


You could see 2 scorpions.

Vanquished Creatures
  Sigmund (D:3)
  A phantom (D:5)
  2 jellies
  An orc priest (D:4)
  3 hounds (D:5)
  Natasha (twice) (D:2)
  An iguana (D:3)
  2 orc wizards (D:4)
  3 gnolls (D:3)
  6 adders
  2 dart slugs
  10 orcs
  4 endoplasms
  5 giant cockroaches
  3 goblins
  8 hobgoblins
  9 jackals
  4 kobolds
  3 quokkas
  4 ball pythons
  7 bats
  5 frilled lizards
  5 rats
91 creatures vanquished.

Notes
Turn   | Place    | Note
-------+----------+-------------------------------------------
     0 | D:1      | promet the Octopode Conjurer began the quest for the Orb.
     0 | D:1      | Reached XP level 1. HP: 11/11 MP: 3/3
   456 | D:1      | Reached XP level 2. HP: 10/17 MP: 5/5
   746 | D:1      | Reached skill level 1 in Fighting
   798 | D:1      | Learned a level 2 spell: Searing Ray
   854 | D:1      | Reached XP level 3. HP: 23/23 MP: 3/6
  1388 | D:2      | Identified the "Bejuces"
  1413 | D:2      | Found a shimmering altar of Xom.
  1698 | D:2      | Reached XP level 4. HP: 28/28 MP: 5/7
  1990 | D:2      | Reached skill level 1 in Short Blades
  1999 | D:2      | Noticed Natasha
  2047 | D:2      | Killed Natasha
  2142 | D:2      | Noticed Natasha
  2157 | D:2      | Killed Natasha
  2158 | D:2      | Reached XP level 5. HP: 13/34 MP: 2/8
  2350 | D:2      | Learned a level 3 spell: Dazzling Flash
  3257 | D:3      | Noticed Sigmund
  3264 | D:3      | Killed Sigmund
  3265 | D:3      | Reached skill level 1 in Hexes
  3265 | D:3      | Reached XP level 6. HP: 41/41 MP: 2/10
  3883 | D:4      | Reached skill level 5 in Stealth
  3899 | D:4      | Reached XP level 7. HP: 45/45 MP: 5/11
  4165 | D:4      | Found the +2 ratskin cloak {*Rats rPois rN+ Str-1 Int-1
                  | Dex+1}
  5102 | D:4      | Found a white marble altar of Elyvilon.
  5102 | D:4      | Found a burning altar of Makhleb.
  5534 | D:4      | Found a sacrificial altar of Ru.
  5645 | D:5      | Entered Level 5 of the Dungeon
  5710 | D:5      | Reached skill level 5 in Conjurations
  6131 | D:5      | Noticed Pikel
  6165 | D:5      | HP: 2/46 [poisoned by a scorpion]
  6165 | D:5      | Slain by a scorpion

Illustrated notes

Levels and vault maps discovered:
D:1:      spicycebolla_arrival_xxxplode, layout_basic
D:2:      layout_basic, basic_altar, uniq_natasha
D:3:      layout_loops_ring, uniq_sigmund
D:4:      layout_basic, nicolae_ru_the_path_less_chosen,
          gammafunk_temple_overflow_elements
D:5:      layout_basic, mainiacjoe_overflow_24_doors, uniq_pikel,
          uniq_crazy_yiuf_cottage

Skill      XL: |  1  2  3  4  5  6  7 |
---------------+----------------------+-----
Stealth        | 3 4 5 |  5.7
Fighting       | 1 2 3 |  3.1
Short Blades   | 1 2 |  2.4
Hexes          | 1 2 |  2.1
Spellcasting   | 3 |  3.7
Conjurations   | 5 |  5.0
Dodging        | |  2.6
Unarmed Combat | |  0.6

Action                     |  1- 3 |  4- 6 |  7- 9 || total
---------------------------+-------+-------+-------++-------
  Melee: Unarmed           |    22 |       |       ||    22
         Constrict         |    13 |    10 |     7 ||    30
         Tentacles         |     8 |     7 |     8 ||    23
         Dagger            |    31 |       |       ||    31
         Short sword       |       |    43 |    27 ||    70
         Punch             |       |     1 |       ||     1
   Cast: Magic Dart        |    26 |    29 |     8 ||    63
         Searing Ray       |     2 |     8 |     6 ||    16
    Use: Scroll            |     2 |     5 |     2 ||     9
   Stab: Sleeping          |     6 |     3 |     2 ||    11
 Armour: Skin              |    26 |    18 |    27 ||    71
  Dodge: Dodged            |    41 |    36 |    26 ||   103

Table legend: (Time is in decaauts)
 A = Elapsed time spent in this place.
 B = Non-inter-level travel time spent in this place.
 C = Inter-level travel time spent in this place.
 D = Time resting spent in this place.
 E = Time spent auto-exploring this place.
 F = Levels seen in this place.
 G = Mean time per level.
                   A        B        C        D        E       F      G
               +--------+--------+--------+--------+--------+-----+--------+
         Total |   6157 |   6016 |    141 |   2597 |   2048 |   5 | 1231.4 |
       Dungeon |   6157 |   6016 |    141 |   2597 |   2048 |   5 | 1231.4 |
               +--------+--------+--------+--------+--------+-----+--------+

Top non-repeatable levels by time:
     D:3: 1642 daAuts
     D:4: 1556 daAuts
     D:1: 1387 daAuts
     D:2: 1053 daAuts
     D:5: 516 daAuts
